 Dungeon Crawl Stone Soup version 0.19.0-11-g3fc08b3 (webtiles) character file.

382 Stormleaks the Bolt Thrower (level 7, -4/42 HPs)
             Began as a Kobold Hunter on Nov 9, 2016.
             Slain by kengeki's ghost (12 damage)
             ... on level 4 of the Dungeon.
             The game lasted 00:19:09 (3348 turns).

Stormleaks the Bolt Thrower (Kobold Hunter)         Turns: 3348, Time: 00:19:09

Health: -4/42      AC:  7    Str:  9    XL:     7   Next: 5%
Magic:  7/7        EV: 15    Int: 12    God:
Gold:   79         SH:  0    Dex: 18    Spells: 0 memorised, 6 levels left

rFire  . . .     SeeInvis .     a - +1 hand crossbow
rCold  . . .     Gourm    .     c - +0 leather armour
rNeg   . . .     Faith    .     (shield restricted)
rPois  .         Spirit   .     h - +2 helmet
rElec  .         Reflect  .     (no cloak)
rCorr  .         Harm     .     i - +0 pair of gloves
MR     .....                    (no boots)
Stlth  ++........               (no amulet)
                                (no ring)
                                (no ring)

@: no status effects
A: carnivore 3
a: no special abilities


You were on level 4 of the Dungeon.
You were not hungry.

You visited 1 branch of the dungeon, and saw 4 of its levels.

You collected 79 gold pieces.

Inventory:

Hand Weapons
 a - a +1 hand crossbow (weapon)
 b - a +0 short sword
 k - a +1 dagger of venom
 r - a +0 club
 s - a +0 club
 t - a +2 short sword of electrocution
Missiles
 d - 34 bolts (quivered)
 y - 5 exploding tomahawks
Armour
 c - a +0 leather armour (worn)
 h - a +2 helmet (worn)
 i - a +0 pair of gloves (worn)
Jewellery
 v - an uncursed ring of fire {unknown}
Wands
 j - a wand of random effects (16/48)
 o - a wand of random effects (13/48)
Scrolls
 g - 2 scrolls of remove curse
 l - 3 scrolls of immolation
 n - a scroll of enchant weapon {unknown}
Potions
 e - a potion of might {unknown}
 p - a potion of brilliance {unknown}
Comestibles
 f - a meat ration
 q - 2 bread rations


   Skills:
 + Level 3.7 Fighting
 + Level 7.8 Crossbows
 + Level 1.6 Armour
 + Level 3.2 Dodging
 + Level 1.7 Stealth
 + Level 0.5 Evocations


You had 6 spell levels left.
You didn't know any spells.

Dungeon Overview and Level Annotations

Branches:
Dungeon (4/15)
 Temple: D:4-7

Altars:
Hepliaklqana
Uskayaw

Annotations:
D:4 kengeki's ghost, novice HOFi


Innate Abilities, Weirdness & Mutations

You are small and have problems with some larger weapons.
You are carnivorous and can eat meat at any time.


Message History

Kengeki's ghost hits you!
Firing (i - inventory. (,) - cycle):
d - 35 bolts (quivered)
Press: ? - help, Shift-Dir - straight line, f/p - kengeki's ghost
Aim: kengeki's ghost (moderately damaged)
You shoot a bolt. The bolt hits kengeki's ghost!
Kengeki's ghost is heavily damaged.
Kengeki's ghost hits you!
* * * LOW HITPOINT WARNING * * *
Kengeki's ghost says, "Try not to bleed too much."
Kengeki's ghost shouts, "You must not fail where I succeeded!"
You see here a leopard gecko corpse.
Things that are here:
a dagger; a robe
Things that are here:
a dagger; a robe Kengeki's ghost shrieks, "There is no future for me!"
There is a stone staircase leading up here.
You can't go down here!
Kengeki's ghost hits you!
You die...

#....# #....# #....###
#...(..#### #########
##.......#. ##...#...##
####...... ##.......).##
###..#. #...........#
##.#. #......@W...# #.(.
#...........####### ##..
##...........)).†.####..
##.......#######.....).
######.## ######.# #.#
#.# #.# #.# #.# #.# #.#
#.#


You could see kengeki's ghost.

Vanquished Creatures
  A centaur (D:3)
  A centaur skeleton (D:3)
  4 orc wizards
  Terence (D:3)
  5 adders
  2 dart slugs (D:1)
  2 leopard geckos
  9 orcs
  9 bats
  7 giant cockroaches
  5 goblins
  4 hobgoblins
  9 jackals (D:3)
  A quokka (D:2)
  2 ball pythons (D:2)
  2 frilled lizards
  10 kobolds
  4 rats
  2 plants (D:1)
80 creatures vanquished.

Notes
Turn   | Place    | Note
-------+----------+-------------------------------------------
     0 | D:1      | Stormleaks the Kobold Hunter began the quest for the Orb.
     0 | D:1      | Reached XP level 1. HP: 12/12 MP: 1/1
    27 | D:1      | Reached skill level 5 in Crossbows
   122 | D:1      | Reached XP level 2. HP: 8/17 MP: 2/2
   561 | D:1      | Reached XP level 3. HP: 21/21 MP: 3/3
   971 | D:2      | Reached skill level 6 in Crossbows
  1169 | D:2      | Reached XP level 4. HP: 27/27 MP: 4/4
  1494 | D:2      | Found a hide-covered altar of Uskayaw.
  1497 | D:2      | Noticed a hand axe
  1497 | D:2      | Noticed a dagger
  1887 | D:3      | Noticed Terence
  1895 | D:3      | Killed Terence
  1897 | D:3      | Reached XP level 5. HP: 24/31 MP: 5/5
  2063 | D:3      | Reached skill level 1 in Armour
  2148 | D:3      | Reached skill level 7 in Crossbows
  2291 | D:3      | Found a hazy altar of Hepliaklqana.
  2312 | D:3      | Reached XP level 6. HP: 37/37 MP: 6/6
  2875 | D:3      | HP: 1/37 [centaur/arrow (3)]
  3222 | D:4      | Reached XP level 7. HP: 28/42 MP: 7/7
  3305 | D:4      | Noticed kengeki's ghost (novice HOFi)
  3348 | D:4      | Slain by kengeki's ghost

Skill      XL: |  1  2  3  4  5 |
---------------+----------------+-----
Crossbows      | 5 6 7 |  7.8
Dodging        | 3 |  3.2
Fighting       | 3 |  3.7
Armour         | 1 |  1.6
Stealth        | |  1.7
Evocations     | |  0.5

Action                   |  1- 3 |  4- 6 |  7- 9 || total
-------------------------+-------+-------+-------++-------
Melee: Short sword       |   135 |       |       ||   135
 Fire: Hand crossbow     |    75 |   136 |     9 ||   220
Evoke: Wand              |       |     7 |       ||     7
  Use: Scroll            |       |    15 |       ||    15
       Potion            |       |     5 |       ||     5
  Eat: Pizza             |       |     1 |       ||     1
       Beef jerky        |       |     1 |       ||     1
       Meat ration       |       |     1 |       ||     1
Armor: Leather armour    |     7 |    20 |     1 ||    28
       Skin              |       |    36 |       ||    36
Dodge: Dodged            |    31 |    75 |     7 ||   113
